 Dungeon Crawl Stone Soup version 0.17.1-3-g152610e (webtiles) character file.

167 inmateoo the Skirmisher (level 5, -4/55 HPs)
             Began as an Ogre Fire Elementalist on Apr 24, 2016.
             Was an Initiate of Okawaru.
             Slain by a worker ant (5 damage)
             ... on level 3 of the Dungeon.
             The game lasted 00:07:03 (4156 turns).

inmateoo the Skirmisher (Ogre Fire Elementalist)    Turns: 4156, Time: 00:07:03

Health: -4/55      AC:  5    Str: 14    XL:     5   Next: 48%
Magic:  2/8        EV: 10    Int: 14    God:    Okawaru [......]
Gold:   173        SH:  0    Dex: 10    Spells: 1 memorised, 7 levels left

rFire  . . .     SeeInvis .     h - +0 morningstar
rCold  . . .     Clarity  .     a - +2 robe
rNeg   . . .     SustAt   .     (no shield)
rPois  .         Gourm    .     (helmet restricted)
rElec  .         Spirit   .     (no cloak)
rCorr  .         Warding  .     (gloves unavailable)
rMut   .         Stasis   .     (boots unavailable)
MR     .....                    (no amulet)
Stlth  +.........               (no ring)
                                (no ring)

@: lethally poisoned (-4 -> -15), flying, very slightly contaminated, not
resistant to hostile enchantments, very unstealthy
A: unfitting armour, tough skin 1
a: Renounce Religion


You were on level 3 of the Dungeon.
You worshipped Okawaru.
Okawaru was noncommittal.
You were very hungry.

You visited 1 branch of the dungeon, and saw 4 of its levels.

You collected 173 gold pieces.

Inventory:

Hand Weapons
 g - a +1 mace
 h - a +0 morningstar (weapon)
 j - a +1 dagger of draining
Armour
 a - a +2 robe (worn)
Scrolls
 k - a scroll of enchant weapon
 l - a scroll of remove curse
Potions
 f - 2 potions of poison
Books
 b - a book of Flames

   Spells                             Type                      Level
   a - Flame Tongue                   Conjuration/Fire             1
   b - Throw Flame                    Conjuration/Fire             2
   c - Conjure Flame                  Conjuration/Fire             3
   d - Inner Flame                    Hexes/Fire                   3
   e - Sticky Flame                   Conjuration/Fire             4
   f - Fireball                       Conjuration/Fire             5
Comestibles
 c - a bread ration
 d - 4 beef jerkies
 n - a slice of pizza


   Skills:
 + Level 4.5 Fighting
 * Level 4.5 Maces & Flails
 - Level 1.7 Dodging
 - Level 1.5 Stealth
 - Level 2.4 Spellcasting
 - Level 0.6 Conjurations
 - Level 2.1 Fire Magic


You had 7 spell levels left.
You knew the following spells:

 Your Spells              Type           Power        Failure   Level  Hunger
a - Flame Tongue          Conj/Fire      #....        14%         1    #......


Dungeon Overview and Level Annotations

Branches:
Dungeon (4/15)
 Temple: D:4-7

Altars:
Cheibriados
Elyvilon
Okawaru
Trog
Vehumet

Annotations:
D:3 curty's ghost, amateur NaFE


Innate Abilities, Weirdness & Mutations

You are too large for most types of armour.
You have tough skin (AC +1).


Message History

Aiming: Flame Tongue
Press: ? - help, Shift-Dir - straight line, f/p - worker ant
Aim: a worker ant (severely wounded)
The flame tongue hits the worker ant.
The worker ant is severely wounded.
You feel sick. The worker ant closely misses you. The worker ant bites you.
* * * LOW HITPOINT WARNING * * *
You are more poisoned.
The worker ant poisons you!
Casting: Flame Tongue
Confirm with . or Enter, or press ? or * to list all spells.
Aiming: Flame Tongue
Press: ? - help, Shift-Dir - straight line, f/p - worker ant
Aim: a worker ant (severely wounded)
You miscast Flame Tongue.
You are very lightly contaminated with residual magic.
Nothing appears to happen.
* * * LOW HITPOINT WARNING * * *
You feel sick. The worker ant bites you.
You die...

.......# #.#.###........#..#.#.
.......# #.#.# #........#..#.#.
.......# #.#.# #........#......
.......# #.#.# #........#......
.......# #.#.# #........#......
######## #.#.# #........#......
#########.#.# #........+......
####......##.#.###..).....#......
...'......'....[@a.......(..##...
####......##)#.####.####...####.[
#...................'...'.....
#.#.##.##........####...####..
#.#........o.###.# #...###...
##.#.##.##..#.########.........
###...................##....##...
..........#...#.......##....##...
..........#.###.......#####.##...


You could see a worker ant.

Vanquished Creatures
  Natasha (thrice) (D:2)
  6 adders
  An adder skeleton (D:4)
  3 worms
  4 orcs (D:4)
  5 giant cockroaches (D:1)
  3 goblins
  4 hobgoblins
  12 jackals
  9 kobolds
  A quokka (D:3)
  6 bats
  2 giant newts
  7 rats
66 creatures vanquished.

Vanquished Creatures (others)
  An ooze (D:2)
  A worm (D:2)
  A goblin (D:2)
3 creatures vanquished.

Grand Total: 69 creatures vanquished

Notes
Turn   | Place    | Note
--------------------------------------------------------------
     0 | D:1      | inmateoo the Ogre Fire Elementalist began the quest for the Orb.
     0 | D:1      | Reached XP level 1. HP: 16/16 MP: 3/3
    45 | D:2      | Reached skill level 1 in Fighting
   345 | D:1      | Reached XP level 2. HP: 9/28 MP: 0/5
   964 | D:1      | Reached skill level 1 in Maces & Flails
  1232 | D:1      | Reached XP level 3. HP: 36/36 MP: 6/6
  1659 | D:1      | Reached skill level 3 in Fighting
  1941 | D:2      | Noticed Natasha
  2230 | D:2      | Found a radiant altar of Vehumet.
  2333 | D:2      | Found a white marble altar of Elyvilon.
  2351 | D:2      | Reached XP level 4. HP: 40/45 MP: 3/7
  2389 | D:2      | Killed Natasha
  2595 | D:2      | Noticed Natasha
  2604 | D:2      | Killed Natasha
  2922 | D:2      | Noticed Natasha
  2928 | D:2      | Killed Natasha
  2928 | D:2      | Reached skill level 4 in Fighting
  3231 | D:3      | Reached XP level 5. HP: 41/54 MP: 4/8
  3594 | D:3      | Found an iron altar of Okawaru.
  3648 | D:3      | Noticed curty's ghost (amateur NaFE)
  3690 | D:3      | Became a worshipper of Warmaster Okawaru
  3744 | D:3      | Found a bloodstained altar of Trog.
  3886 | D:4      | Found a snail-covered altar of Cheibriados.
  4054 | D:4      | Noticed an ogre
  4155 | D:3      | HP: 1/55 [worker ant (6)]
  4156 | D:3      | Slain by a worker ant

Action                   |  1- 3 |  4- 6 || total
-------------------------+-------+-------++-------
Melee: Unarmed           |    50 |       ||    50
       Mace              |    84 |    47 ||   131
       Morningstar       |       |     1 ||     1
 Cast: Flame Tongue      |    38 |    57 ||    95
  Use: Scroll            |     6 |     6 ||    12
       Potion            |       |     4 ||     4
 Stab: Sleeping          |     1 |     1 ||     2
       Distracted        |       |     1 ||     1
  Eat: Chunk             |     5 |     6 ||    11
